 Dungeon Crawl Stone Soup version 0.25-a0-578-gc91f01c39c (webtiles) character file.

Game seed: 17722886021925708820, levelgen mode: deterministic

254 Eurus the Conjurer (level 5, -1/38 HPs)
             Began as a Mummy Conjurer on Mar 5, 2020.
             Slain by an orc wizard
             ... wielding a +0 dagger
              (4 damage)
             ... on level 3 of the Dungeon.
             The game lasted 00:07:31 (3901 turns).

Eurus the Conjurer (Mummy Conjurer)                 Turns: 3901, Time: 00:07:32

Health: -1/38      AC:  4    Str: 11    XL:     5   Next: 91%
Magic:  2/11       EV: 12    Int: 16    God:
Gold:   117        SH:  0    Dex: 12    Spells: 6/13 levels left

rFire    x . .     SeeInvis .   m - +0 hand axe (freeze)
rCold    + . .     Gourm    .   (no shield)
rNeg     + + +     Faith    .   a - +0 robe
rPois    ∞         Spirit   .   f - +0 helmet
rElec    .         Reflect  .   k - +0 cloak
rCorr    .         Harm     .   (no gloves)
MR       .....                  (no boots)
Stlth    ++........             (no amulet)
HPRegen  0.12/turn              (no ring)
MPRegen  0.12/turn              (no ring)

@: no status effects
A: no food or potions, fire vulnerability, cold resistance 1, negative energy
resistance 3, torment resistance, unbreathing
a: no special abilities


You were on level 3 of the Dungeon.
You were not hungry.

You visited 1 branch of the dungeon, and saw 3 of its levels.

You collected 117 gold pieces.

Inventory:

Hand Weapons
 c - a cursed -2 hand axe
 m - a +0 hand axe of freezing (weapon)
Armour
 a - a +0 robe (worn)
 f - a +0 helmet (worn)
 k - a +0 cloak (worn)
Jewellery
 j - an uncursed ring of stealth {unknown}
 n - an uncursed ring of protection from magic
Wands
 g - a wand of acid (7)
Scrolls
 b - a scroll of remove curse {unknown}
 d - 2 scrolls of teleportation {unknown}
 e - a scroll of enchant weapon {unknown}
 h - 2 scrolls of magic mapping {unknown}
 i - 3 scrolls of identify {unknown}
 l - a scroll of blinking {unknown}


   Skills:
 + Level 1.8 Fighting
 - Level 1.5 Dodging
 - Level 1.5 Stealth
 + Level 4.5 Spellcasting
 * Level 4.9 Conjurations
 + Level 0.8 Translocations


You had 6 spell levels left.
You knew the following spells:

 Your Spells              Type           Power        Failure   Level  Hunger
a - Magic Dart            Conj           ###.         2%          1    N/A
b - Searing Ray           Conj           ###...       3%          2    N/A
c - Iskenderun's Mystic   Conj/Tloc      ##......     43%         4    N/A

Your spell library contained the following spells:

 Spells                   Type           Power        Failure   Level  Hunger
 Dazzling Flash           Conj/Hex       ##....       17%         3    N/A
 Fulminant Prism          Conj/Hex       ##........   50%         4    N/A

Dungeon Overview and Level Annotations

Branches:
Dungeon (3/15)

Altars:

Annotations:
D:1 1 exclusion


Innate Abilities, Weirdness & Mutations

You do not eat or drink.
Your flesh is vulnerable to fire.
You are immune to poison.
Your flesh is cold resistant. (rC+)
You are immune to negative energy. (rN+++)
You are immune to unholy pain and torment.
You can survive without breathing.


Message History

Unknown command.
Casting: Searing Ray (safe; 3% risk of failure)
Confirm with . or Enter, or press ? or * to list all spells.
Aiming: Searing Ray (safe; 3% risk of failure)
Press: ? - help, Shift-Dir - straight line (Press . to maintain the ray.)
The orc wizard points at you and mumbles some strange words.
The magic dart hits something.
Reactivating autopickup.
You feel a bit more experienced.
You finish channeling your searing ray.
Casting: Searing Ray (safe; 3% risk of failure)
Confirm with . or Enter, or press ? or * to list all spells.
Aiming: Magic Dart (safe; 2% risk of failure)
Press: ? - help, Shift-Dir - straight line, f - orc wizard
Aim: an orc wizard, wielding a +0 dagger and wearing a +0 robe (almost dead, fast)
The magic dart hits the orc wizard.
The orc wizard is almost dead.
The orc wizard hits you with a +0 dagger.
You die...

...####...# #.# #........##.#..#
...######.###.# #...........##.#
..............########.###.####.#
###########.#....<..............#
#............#...######
##...#######.#)### ##.)## #.#.#
#...########.).#
##.#...@o.##..###
##########..#(####.)...#
#..[.......##.##.......##
.#####..####.##.#####..#
#..#####.##.# #..#
######..##.......# #..#######
#.......##.......# #.........
..####.###.......# #)........
..)....# #......)# #.........


You could see an orc wizard.

Vanquished Creatures
  A centaur (D:3)
  A scorpion (D:3)
  4 adders
  An ooze (D:1)
  2 dart slugs
  2 leopard geckos
  2 orcs (D:3)
  A ball python (D:3)
  6 bats
  7 giant cockroaches
  3 goblins
  8 hobgoblins
  2 jackals (D:2)
  3 frilled lizards
  9 kobolds
  13 rats
65 creatures vanquished.

Vanquished Creatures (others)
  An orc wizard (D:3)
  3 toadstools (D:2)
4 creatures vanquished.

Grand Total: 69 creatures vanquished

Notes
Turn   | Place    | Note
-------+----------+-------------------------------------------
     0 | D:1      | Eurus the Mummy Conjurer began the quest for the Orb.
     0 | D:1      | Reached XP level 1. HP: 13/13 MP: 4/4
   436 | D:1      | Reached XP level 2. HP: 19/19 MP: 4/6
   459 | D:1      | Learned a level 2 spell: Searing Ray
  1357 | D:1      | Reached XP level 3. HP: 13/24 MP: 7/7
  2587 | D:2      | Reached XP level 4. HP: 30/30 MP: 7/9
  3104 | D:3      | Reached skill level 1 in Fighting
  3404 | D:3      | Reached XP level 5. HP: 37/37 MP: 8/11
  3444 | D:3      | Learned a level 4 spell: Iskenderun's Mystic Blast
  3626 | D:3      | Noticed a centaur
  3636 | D:3      | Killed a centaur
  3901 | D:3      | Slain by an orc wizard

Levels and vault maps discovered:
D:1:      lightli_arrival_farm, layout_loops_ring, serial_glass,
          glass_columns_b, glass_columns_c, feat_on_display, item_on_display_a,
          minmay_strange_pillars
D:2:      wad_woods_pond, layout_basic, minmay_gold_behind_fungi
D:3:      layout_rooms, first_ration

Skill      XL: |  1  2  3  4 |
---------------+-------------+-----
Spellcasting   | 3 4 |  4.5
Conjurations   | 4 |  4.9
Fighting       | 1 |  1.8
Dodging        | |  1.5
Stealth        | |  1.5
Translocations | |  0.8

Action                   |  1- 3 |  4- 6 || total
-------------------------+-------+-------++-------
Melee: Unarmed           |    31 |       ||    31
       Short sword       |    57 |       ||    57
       Dagger            |    14 |     7 ||    21
       Hand axe          |       |    17 ||    17
 Cast: Magic Dart        |    52 |    22 ||    74
       Searing Ray       |     3 |     7 ||    10
Armor: Robe              |    19 |    14 ||    33
Dodge: Dodged            |    65 |    29 ||    94

Table legend:
 A = Non-vault XP
 B = Vault XP
 C = Vault XP percentage of total XP
 D = Non-vault monster count
 E = Vault monster count
 F = Vault count percentage of total count
                 A         B        C        D         E       F
            +---------+---------+-------+---------+---------+-------
      Total |     363 |       1 |   0.3 |      65 |       1 |   1.5
            +---------+---------+-------+---------+---------+-------
        D:1 |      44 |       0 |   0.0 |      24 |       0 |   0.0
        D:2 |      54 |       1 |   1.8 |      18 |       1 |   5.3
        D:3 |     265 |       0 |   0.0 |      23 |       0 |   0.0
            +---------+---------+-------+---------+---------+-------
